 Dungeon Crawl Stone Soup version 0.32-a0-699-g1ee5eff69a (webtiles) character file.

Game seed: 652435160555385331

56 smashvw the Trooper (level 3, -5/20 HPs)
             Began as a Vine Stalker Berserker on Mar 14, 2024.
             Was a Believer of Trog.
             Killed by divine providence
             ... invoked by an orc priest
              (14 damage)
             ... on level 2 of the Dungeon.
             The game lasted 00:03:07 (1426 turns).

smashvw the Trooper (Vine Stalker Berserker)        Turns: 1426, Time: 00:03:08

Health: -5/20      AC:  3    Str: 19    XL:     3   Next: 97%
Magic:  0/4        EV: 11    Int:  7    God:    Trog [**....]
Gold:   58         SH:  0    Dex: 15    Spells: 2/2 levels left

rFire   . . .        a - +0 short sword
rCold   . . .        (no shield)
rNeg    . . .        b - +0 animal skin
rPois   .            (no helmet)
rElec   .            (no cloak)
rCorr   .            i - +0 pair of gloves
SInv    .            (no boots)
Will    .....        (no amulet)
Stlth   ++           (no ring)
HPRegen 1.03/turn    (no ring)
MPRegen 0.09/turn

%: guardian spirit
@: no status effects
A: fangs 2, regeneration 1, magic shield, antimagic bite, no potion heal 2
a: Renounce Religion, Berserk, Trog's Hand


You were on level 2 of the Dungeon.
You worshipped Trog.
Trog was pleased with you.
You visited 1 branch of the dungeon, and saw 3 of its levels.

You collected 58 gold pieces.

Inventory:

Hand Weapons
 a - a +0 short sword (weapon)
Armour
 b - a +0 animal skin (worn)
 i - a +0 pair of gloves (worn)
Wands
 j - a wand of polymorph (9)
Scrolls
 d - a scroll of enchant weapon {unknown}
 e - a scroll of immolation {unknown}
 f - 2 scrolls of identify {unknown}
 g - a scroll of poison {unknown}
 h - a scroll of teleportation {unknown}
Potions
 c - 2 potions of curing {unknown}
 k - a potion of berserk rage {unknown}


   Skills:
 + Level 3.4 Fighting
 + Level 3.4 Short Blades
 - Level 1.5 Armour
 - Level 1.5 Dodging
 + Level 1.4 Stealth


You had 2 spell levels left.
You didn't know any spells.
Your spell library was empty.

Dungeon Overview and Level Annotations

Branches:
Dungeon (3/15)

Altars:


Innate Abilities, Weirdness & Mutations

You have extremely sharp teeth.
Your natural rate of healing is unusually fast.
When hurt, damage is shared between your health and your magic reserves.
Your bite disrupts and absorbs the magic of your enemies.
Potions cannot restore your health.


Message History

The dart slug launches a dart at you. The slug dart hits you.
You hit the dart slug. You bite the dart slug. You drain its power.
You feel invigorated.
The dart slug is moderately wounded.
The dart slug bites you but does no damage.
An orc priest comes into view. It is wielding a +0 hand axe.
You hit the dart slug but do no damage. You bite the dart slug.
You drain its power.
You feel invigorated.
The dart slug is moderately wounded.
An orc comes into view. It is wielding a +0 trident.
The dart slug launches a dart at you. The slug dart misses you.
The orc shouts!
You hit the dart slug.
The dart slug is severely wounded.
You barely miss the dart slug. You bite the dart slug. You drain its power.
The dart slug is almost dead.
The dart slug bites you but does no damage.
You hit the dart slug.
You kill the dart slug!
Trog accepts your kill.
An orc comes into view. It is wielding a +0 short sword.
There is a stone staircase leading up here.
The orc shouts!
An orc comes into view. It is wielding a +0 hand axe.
The orc priest misses you.
The orc hits you from afar with a +0 trident.
The orc priest barely misses you.
The orc hits you from afar with a +0 trident!
You climb upwards.
There is a stone staircase leading down here.
You hit the orc priest but do no damage.
The orc priest hits you with a +0 hand axe.
You are too injured to fight recklessly!
You hit the orc priest but do no damage.
The orc priest invokes the aid of Beogh against you.
Beogh smites you!
Ouch! That really hurt!
You die...

#.#<#.# #....# #.#.#.# #....#
#.#.#.# #....# #.#.#.# #....#
#.#.#.######....######
#.#...#...............
#.#.###.####....######
#÷###...####....######
########÷..o@................
#............##..............
#............##.###..........
#............##.# #..........
#............##.# #####......
#............##.# #......
#............##.# #......
#............##.# #......
#........:...##.# #......


You could see an orc priest.

Vanquished Creatures
  An adder (D:2)
  3 dart slugs
  2 ribbon worms (D:2)
  3 endoplasms (D:2)
  6 goblins
  5 hobgoblins
  2 jackals (D:2)
  2 kobolds (D:1)
  2 quokkas
  2 ball pythons (D:1)
  A bat (D:2)
  2 frilled lizards (D:2)
  5 rats
36 creatures vanquished.

Notes
Turn   | Place    | Note
-------+----------+-------------------------------------------
     0 | D:1      | smashvw the Vine Stalker Berserker began the quest for the
                  | Orb.
     0 | D:1      | Reached XP level 1. HP: 11/11 MP: 2/2
   299 | D:1      | Reached XP level 2. HP: 16/16 MP: 3/3
   662 | D:1      | You fall into a shaft and drop 1 floor!
   785 | D:2      | Reached XP level 3. HP: 20/20 MP: 4/4
   891 | D:2      | Reached ** piety under Trog
  1134 | D:2      | Reached skill level 1 in Stealth
  1426 | D:2      | Killed from afar by an orc priest

Illustrated notes

Levels and vault maps discovered:
D:1:      dpeg_arrival_lava_temple_mockup, layout_loops_ring,
          hangedman_feature_mirror
D:2:      layout_basic
D:3:      layout_rooms, grunt_temple_overflow_champion_of_chaos, serial_glass,
          glass_columns_c, glass_columns_a, glass_columns_b, glass_columns_c,
          glass_columns_a, uniq_ijyb

Skill      XL: |  1  2  3 |
---------------+----------+-----
Fighting       | 3 |  3.4
Short Blades   | 3 |  3.4
Stealth        | 1 |  1.4
Armour         | |  1.5
Dodging        | |  1.5

Action                     || total
---------------------------++-------
  Melee: Short sword       ||   122
         Bite              ||    41
   Stab: Sleeping          ||     1
 Armour: Animal skin       ||    45
  Dodge: Dodged            ||    62

Table legend: (Time is in decaauts)
 A = Elapsed time spent in this place.
 B = Non-inter-level travel time spent in this place.
 C = Inter-level travel time spent in this place.
 D = Time resting spent in this place.
 E = Time spent auto-exploring this place.
 F = Levels seen in this place.
 G = Mean time per level.
                   A        B        C        D        E       F      G
               +--------+--------+--------+--------+--------+-----+--------+
         Total |   1406 |   1384 |     22 |      0 |   1133 |   3 |  468.7 |
       Dungeon |   1406 |   1384 |     22 |      0 |   1133 |   3 |  468.7 |
               +--------+--------+--------+--------+--------+-----+--------+

Top non-repeatable levels by time:
     D:2: 727 daAuts
     D:1: 657 daAuts
     D:3: 22 daAuts
